 Dungeon Crawl Stone Soup version 0.25-a0-1119-g28b6fd0c3b (webtiles) character file.

Game seed: 4144311342299345317, levelgen mode: deterministic

3855 Error4North the Cleaver (level 10, -2/88 HPs)
             Began as a Hill Orc Fighter on May 14, 2020.
             Was an Elder of Okawaru.
             Succumbed to a killer bee's poison
             ... on level 9 of the Dungeon on May 17, 2020.
             The game lasted 00:24:42 (9400 turns).

Error4North the Cleaver (Hill Orc Fighter)          Turns: 9400, Time: 00:24:42

Health: -2/88      AC: 17    Str: 23    XL:     10   Next: 18%
Magic:  13/13      EV:  5    Int:  8    God:    Okawaru [****..]
Gold:   536        SH: 11    Dex: 10    Spells: 9/9 levels left

rFire    . . .     SeeInvis .   a - +1 war axe
rCold    . . .     Gourm    .   c - +0 kite shield
rNeg     . . .     Faith    .   y - +1 plate armour
rPois    .         Spirit   .   (no helmet)
rElec    .         Reflect  .   e - +0 cloak
rCorr    .         Harm     .   (no gloves)
MR       .....                  x - +1 pair of boots
Stlth    ..........             (no amulet)
HPRegen  0.24/turn              (no ring)
MPRegen  0.13/turn              (no ring)

@: mighty, lethally poisoned (-2 -> -29), stab, flying, very slightly
contaminated
A: no striking features
a: Heroism, Renounce Religion


You were on level 9 of the Dungeon.
You worshipped Okawaru.
Okawaru was greatly pleased with you.
You were not hungry.

You visited 2 branches of the dungeon, and saw 10 of its levels.

You collected 536 gold pieces.

Inventory:

Hand Weapons
 a - a +1 war axe (weapon)
Missiles
 i - 13 boomerangs (quivered)
Armour
 c - a +0 kite shield (worn)
 e - a +0 cloak (worn)
 x - a +1 pair of boots (worn)
 y - a +1 plate armour (worn)
Wands
 n - a wand of disintegration (30)
 t - a wand of acid (5)
 v - a wand of flame (19)
 A - a wand of paralysis (10)
Scrolls
 g - a scroll of blinking
 h - 3 scrolls of enchant armour
 j - 2 scrolls of teleportation {unknown}
 l - 4 scrolls of amnesia
 o - 6 scrolls of identify {unknown}
 p - 2 scrolls of enchant weapon
 q - a scroll of magic mapping {unknown}
 r - a scroll of noise {unknown}
 s - 6 scrolls of remove curse {unknown}
 B - a scroll of random uselessness {unknown}
 D - a scroll of summoning {unknown}
 F - a scroll of acquirement {unknown}
Potions
 b - 2 potions of stabbing
 k - 2 potions of degeneration
 u - 7 potions of curing {unknown}
 w - a potion of cancellation {unknown}
 z - a potion of invisibility {unknown}
 E - a potion of flight
 G - a potion of ambrosia {unknown}
Comestibles
 f - 20 rations
 C - 2 chunks of flesh


   Skills:
 * Level 8.1 Fighting
 + Level 9.3 Axes
 + Level 1.6 Throwing
 * Level 7.1 Armour
 + Level 0.9 Dodging
 + Level 0.3 Stealth
 * Level 7.8 Shields
 * Level 5.2 Invocations
 * Level 4.7 Evocations


You had 9 spell levels left.
You didn't know any spells.
Your spell library contained the following spells:

 Spells                   Type           Power        Failure   Level  Hunger
 Summon Small Mammal      Summ           #...         100%        1    ##.....
 Call Imp                 Summ           #.......     100%        2    ###....
 Call Canine Familiar     Summ           #.......     100%        3    ####...
 Summon Guardian Golem    Hex/Summ       #.......     100%        3    ####...
 Summon Ice Beast         Ice/Summ       #.......     100%        4    #####..
 Summon Lightning Spire   Summ/Air       #.......     100%        4    #####..


Dungeon Overview and Level Annotations

Branches:
Dungeon (9/15)             Temple (1/1) D:4
   Lair: D:8-11         Orc: D:9-12

Altars:
Cheibriados
Dithmenos
Elyvilon
Fedhas
Gozag
Hepliaklqana
Makhleb
Nemelex Xobeh
Okawaru
Qazlal
Ru
Sif Muna
Trog
Uskayaw
Vehumet
Wu Jian
Xom
Yredelemnul
Zin
The Shining One

Annotations:
D:6 3 runed translucent doors, exclusion: statue, FrogZ's ghost, novice OpAs


Message History

The killer bee stings you but does no damage.
The killer bee stings you.
* * * LOW HITPOINT WARNING * * *
You are more poisoned.
The killer bee poisons you!
It was a potion of stabbing.
You feel ready to backstab.
* * * LOW HITPOINT WARNING * * *
You feel sick.
The killer bee stings you but does no damage.
The killer bee barely misses you. The killer bee stings you.
* * * LOW HITPOINT WARNING * * *
The killer bee stings you but does no damage.
The killer bee stings you.
* * * LOW HITPOINT WARNING * * *
You block the killer bee's attack.
It was a potion of flight.
You feel very buoyant.
You fly up into the air.
You die...

...........§....########
#..........######
#....W..y.§#
####.....y.y..#
.......W......#
#####.#'#######
...=.....# .####....####
######## #.#..y@y#
#....... #%##..##y#
#....... #y# ##..


Wo. +....... #y# #$......# #...<... #T# #...y..(.. #....... .# #.......###
#....... ...#.#### #....... .. .# #....... #....... You could see a phantom, 4
killer bees and an orc wizard.

Vanquished Creatures
  Prince Ribbit (D:7)
  A hippogriff (D:9)
  A wyvern (D:8)
  A hungry ghost (D:8)
  An eye of draining (D:6)
  2 orc warriors
  3 ice beasts
  3 sky beasts
  2 ogres
  A phantom (D:6)
  A centaur (D:8)
  4 bullfrogs
  A gnoll sergeant (D:7)
  5 scorpions
  4 killer bees (D:9)
  A howler monkey (D:6)
  5 crimson imps
  2 hounds
  10 orc priests
  7 orc wizards
  Ijyb (D:3)
  2 iguanas
  2 worker ants
  A killer bee zombie (D:8)
  2 hound skeletons (D:7)
  A howler monkey zombie (D:9)
  12 adders
  12 gnolls
  2 shadow imps
  3 oozes
  A worm (D:2)
  3 leopard geckos
  32 orcs
  A ball python (D:1)
  8 bats
  6 giant cockroaches
  7 hobgoblins
  6 jackals
  3 quokkas
  A ball python skeleton (D:5)
  5 frilled lizards
  9 goblins
  7 kobolds
  12 rats
195 creatures vanquished.

Vanquished Creatures (others)
  A fungus (D:1)
  4 toadstools (D:1)
5 creatures vanquished.

Grand Total: 200 creatures vanquished

Notes
Turn   | Place    | Note
-------+----------+-------------------------------------------
     0 | D:1      | Error4North the Hill Orc Fighter began the quest for the
                  | Orb.
     0 | D:1      | Reached XP level 1. HP: 19/19 MP: 1/1
    89 | D:1      | Reached XP level 2. HP: 27/27 MP: 2/2
   675 | D:2      | Reached XP level 3. HP: 33/33 MP: 3/3
   757 | D:2      | Reached skill level 3 in Axes
  1762 | D:3      | Reached XP level 4. HP: 41/41 MP: 4/4
  1800 | D:3      | Reached XP level 5. HP: 40/47 MP: 5/5
  1947 | D:3      | Reached skill level 4 in Axes
  1958 | D:3      | Reached skill level 1 in Evocations
  2205 | D:3      | Upgraded the game from 0.25-a0-1073-gf4359a17dd to
                  | 0.25-a0-1079-g858b6a6ff6
  2244 | D:3      | Found a glowing silver altar of Zin.
  2524 | D:3      | Found a faded altar of an unknown god.
  2680 | D:3      | Found an iron altar of Okawaru.
  2689 | D:3      | Became a worshipper of Warmaster Okawaru
  2824 | D:3      | Reached XP level 6. HP: 50/53 MP: 7/7
  2941 | D:3      | Noticed Ijyb
  2960 | D:3      | Killed Ijyb
  3339 | D:4      | Found a staircase to the Ecumenical Temple.
  3353 | Temple   | Entered the Ecumenical Temple
  3765 | D:4      | Found a shimmering blue altar of Sif Muna.
  3817 | D:4      | Reached skill level 5 in Armour
  3938 | D:4      | Reached skill level 5 in Fighting
  3938 | D:4      | Reached XP level 7. HP: 56/61 MP: 8/8
  4098 | D:5      | Entered Level 5 of the Dungeon
  4310 | D:5      | Reached skill level 5 in Axes
  4620 | D:5      | Reached * piety under Okawaru
  4630 | D:5      | Reached skill level 5 in Shields
  4820 | D:5      | Reached skill level 6 in Axes
  5205 | D:5      | Found a stormy altar of Qazlal.
  5206 | D:5      | Noticed an air elemental
  5207 | D:5      | Noticed a water elemental
  5207 | D:5      | Noticed a fire elemental
  5417 | D:5      | Reached XP level 8. HP: 58/70 MP: 10/10
  5587 | D:5      | Found a sacrificial altar of Ru.
  5587 | D:5      | Found a hide-covered altar of Uskayaw.
  5683 | D:6      | Reached skill level 1 in Invocations
  5731 | D:6      | Upgraded the game from 0.25-a0-1079-g858b6a6ff6 to
                  | 0.25-a0-1119-g28b6fd0c3b
  5778 | D:6      | Found a runed translucent gate.
  5778 | D:6      | Found a runed translucent gate.
  5778 | D:6      | Found a runed translucent gate.
  5784 | D:6      | Noticed FrogZ's ghost (novice OpAs)
  5809 | D:6      | Reached ** piety under Okawaru
  5809 | D:6      | Reached skill level 1 in Throwing
  5926 | D:6      | Reached skill level 7 in Axes
  6045 | D:6      | Found a radiant altar of Vehumet.
  6335 | D:7      | Noticed Prince Ribbit
  6380 | D:7      | Killed Prince Ribbit
  6447 | D:7      | Reached XP level 9. HP: 64/78 MP: 11/11
  6622 | D:7      | Reached skill level 8 in Axes
  6648 | D:7      | Reached *** piety under Okawaru
  7430 | D:7      | Found a shadowy altar of Dithmenos.
  8167 | D:8      | Found a basalt altar of Yredelemnul.
  8498 | D:8      | Reached **** piety under Okawaru
  8560 | D:8      | Received a gift from Okawaru
  8634 | D:8      | Reached skill level 9 in Axes
  8813 | D:8      | Reached XP level 10. HP: 66/88 MP: 13/13
  9177 | D:9      | Reached skill level 5 in Invocations
  9399 | D:9      | HP: 4/88 [poisoned by a killer bee]
  9399 | D:9      | HP: 1/88 [killer bee (2)]
  9400 | D:9      | Succumbed to a killer bee's poison

Illustrated notes

Levels and vault maps discovered:
D:1:      evilmike_arrival_hilbert_curve, layout_loops_ring,
          nrook_mini_backslash, minmay_gold_behind_fungi
D:2:      layout_loops_corners, first_ration, minmay_tetromino_o2
D:3:      layout_basic, okawaru_gym_becter, lemuel_doored_altar,
          chequers_ecumenical_altar_grove, uniq_ijyb
D:4:      layout_rooms, led_sif_book, minmay_temple_entry_stoned_glass
D:5:      kennysheep_big_flooded_room, layout_basic,
          nicolae_qazlal_style_of_elements, gammafunk_temple_overflow_pools
D:6:      layout_cave_pools, vehumet_statue, gammafunk_ghost_necromancy
D:7:      layout_basic, lemuel_coloured_pillars_altar, uniq_prince_ribbit1
D:8:      layout_loops_ring, yredelemnul_altar_generic
D:9:      layout_roguey, lemuel_round_altar, ashenzari_altar_1,
          david_orc_1_choice, david_nohive_1, dk_vineyard_3,
          hangedman_decor_points, uniq_maggie
Temple:   chequers_temple_sunken

Skill      XL: |  1  2  3  4  5  6  7  8  9 10 |
---------------+-------------------------------+-----
Fighting       | 4 5 6 7 8 |  8.1
Axes           | 3 4 6 7 9 |  9.3
Armour         | 4 5 6 7 |  7.1
Shields        | 4 5 7 |  7.8
Evocations     | 1 2 3 4 |  4.7
Invocations    | 2 4 5 |  5.2
Throwing       | 1 |  1.6
Dodging        | |  0.9
Stealth        | |  0.3

Action                   |  1- 3 |  4- 6 |  7- 9 | 10-12 || total
-------------------------+-------+-------+-------+-------++-------
Melee: War axe           |   114 |   183 |   385 |    43 ||   725
Throw: Boomerang         |    15 |     9 |    28 |       ||    52
Invok: Heroism           |       |       |     2 |       ||     2
  Use: Scroll            |       |     1 |       |     3 ||     4
       Potion            |       |       |     3 |     5 ||     8
  Eat: Chunk             |     3 |     7 |    12 |     2 ||    24
       Ration            |       |       |     2 |       ||     2
Armor: Scale mail        |    62 |    65 |       |       ||   127
       Chain mail        |       |    15 |    12 |       ||    27
       Plate armour      |       |       |   202 |    83 ||   285
Dodge: Dodged            |    41 |    47 |    69 |    33 ||   190
Block: Kite shield       |    72 |   103 |   189 |    73 ||   437

Table legend:
 A = Non-vault XP
 B = Vault XP
 C = Vault XP percentage of total XP
 D = Non-vault monster count
 E = Vault monster count
 F = Vault count percentage of total count
                 A         B        C        D         E       F
            +---------+---------+-------+---------+---------+-------
      Total |    4789 |     719 |  13.1 |     185 |      10 |   5.1
            +---------+---------+-------+---------+---------+-------
        D:1 |      22 |       0 |   0.0 |      11 |       0 |   0.0
        D:2 |      54 |       2 |   3.6 |      24 |       2 |   7.7
        D:3 |     284 |      36 |  11.2 |      38 |       1 |   2.6
        D:4 |     244 |       0 |   0.0 |      14 |       0 |   0.0
        D:5 |     515 |     163 |  24.0 |      12 |       2 |  14.3
        D:6 |     591 |       0 |   0.0 |      15 |       0 |   0.0
        D:7 |    1262 |     274 |  17.8 |      35 |       1 |   2.8
        D:8 |    1379 |       0 |   0.0 |      31 |       0 |   0.0
        D:9 |     438 |     244 |  35.8 |       5 |       4 |  44.4
            +---------+---------+-------+---------+---------+-------
